Map: Central Protocol

Players

Chris (MCanning)

  • Race: Protoss Protoss
  • League: Diamond

IlIlIlIlIlIl - Winner!

  • Race: Protoss Protoss
  • League: Platinum

VOD

Have the link to the VOD?

Description

Time

  • Played on: Nov. 11, 2015, 2:53 a.m.
  • Length: 9:39
Show
View Real Time Build Order
Export as new Build Order

Chris Protoss 

Build Orders: 1 Gate Expand 

Get SALT Encoding   

  12  0:01  Probe (Chrono Boost)  
  13  0:12  Probe (Chrono Boost)  
  14  0:20  Pylon  
  14  0:22  Probe (Chrono Boost)  
  15  0:38  Probe (Chrono Boost)  
  16  0:43  Gateway  
  16  0:49  Probe (Chrono Boost), Assimilator  
  17  0:59  Probe (Chrono Boost)  
  18  1:10  Probe (Chrono Boost)  
  19  1:21  Nexus  
  19  1:27  Probe (Chrono Boost)  
  19  1:30  Pylon  
  20  1:35  Assimilator  
  20  1:39  Probe (Chrono Boost)  
  21  1:50  Cybernetics Core  
  21  1:52  Probe (Chrono Boost)  
  22  2:03  Probe (Chrono Boost)  
  23  2:13  Probe (Chrono Boost)  
  24  2:27  Mothership Core (Chrono Boost), Adept (Chrono Boost)  
  24  2:28  Warp Gate  
  24  2:29  Pylon  
  28  2:34  Probe  
  29  2:44  Probe  
  29  2:47  Probe (Chrono Boost)  
  31  2:56  Probe (Chrono Boost)  
  31  2:57  Stalker (Chrono Boost)  
  34  2:59  Probe (Chrono Boost)  
  35  3:07  Probe (Chrono Boost)  
  35  3:10  Probe (Chrono Boost)  
  37  3:15  Twilight Council  
  37  3:18  Probe (Chrono Boost)  
  38  3:20  Probe (Chrono Boost)  
  41  3:27  Sentry  
  41  3:28  Probe (Chrono Boost)  
  41  3:31  Probe (Chrono Boost)  
  43  3:39  Probe (Chrono Boost)  
  44  3:46  Probe (Chrono Boost)  
  45  3:51  Gateway x2  
  45  3:53  Stalker  
  47  3:59  Probe (Chrono Boost)  
  47  4:01  Blink (Chrono Boost)  
  45  4:06  Probe  
  46  4:16  Pylon  
  45  4:22  Probe  
  46  4:31  Probe  
  45  4:34  Robotics Facility  
  45  4:36  Assimilator  
  45  4:38  Probe  
  47  4:41  Probe (Chrono Boost), Assimilator  
  47  4:45  Pylon  
  48  4:48  Stalker x3  
  48  4:50  Probe (Chrono Boost)  
  55  4:53  Pylon  
  55  4:54  Probe (Chrono Boost)  
  56  5:03  Probe (Chrono Boost)  
  57  5:15  Forge  
  57  5:18  Pylon  
  57  5:19  Stalker x3  
  63  5:25  Probe, Observer  
  63  5:26  Probe  
  66  5:38  Probe x2  
  68  5:46  Gateway  
  68  5:47  Gateway  
  68  5:52  Pylon  
  68  5:53  Immortal (Chrono Boost)  
  68  5:54  Pylon  
  72  5:57  Pylon  
  72  5:58  Stalker  
  74  6:09  Stalker x2  
  77  6:15  Protoss Ground Weapons Level 1 (Chrono Boost)  
  75  6:25  Pylon  
  73  6:27  Robotics Bay  
  73  6:32  Immortal (Chrono Boost)  
  77  6:36  Stalker x2  
  81  6:47  Stalker  
  81  6:48  Gateway  
  81  6:49  Pylon  
  81  6:51  Stalker  
  85  6:55  Stalker  
  87  7:01  Pylon  
  87  7:12  Probe  
  87  7:13  Disruptor  
  87  7:15  Pylon  
  88  7:17  Photon Cannon  
  88  7:18  Photon Cannon  
  91  7:29  Probe  
  92  7:31  Probe  
  91  7:44  Disruptor  
  91  7:51  Probe  
  94  7:58  Stalker x4  
  98  7:59  Stalker x2  
  106  8:14  Nexus  
  106  8:15  Disruptor  
  106  8:20  Dark Shrine  
  106  8:30  Stalker  
  106  8:34  Pylon  
  108  8:36  Zealot  
  110  8:46  Disruptor  
  92  8:50  Probe  
  96  8:57  Probe  
  96  9:02  Probe  
  98  9:03  Pylon  
  98  9:09  Probe  
  99  9:14  Probe  
  98  9:22  Probe  
  102  9:26  Stalker x2, Probe  
  102  9:27  Stalker x2  
Show
View Real Time Build Order
Export as new Build Order

IlIlIlIlIlIl Protoss - Winner!

Build Orders: Nexus First, Blink Stalkers 

Get SALT Encoding   

  12  0:00  Probe (Chrono Boost)  
  13  0:11  Probe (Chrono Boost)  
  14  0:20  Pylon  
  14  0:22  Probe (Chrono Boost)  
  15  0:38  Probe (Chrono Boost)  
  16  0:49  Probe (Chrono Boost)  
  17  0:59  Probe (Chrono Boost)  
  18  1:05  Nexus  
  18  1:10  Probe (Chrono Boost)  
  19  1:18  Gateway  
  19  1:20  Probe (Chrono Boost)  
  20  1:25  Assimilator  
  20  1:29  Assimilator  
  20  1:31  Probe (Chrono Boost)  
  21  1:36  Pylon  
  21  1:41  Probe (Chrono Boost)  
  22  1:52  Probe (Chrono Boost)  
  23  1:54  Gateway  
  23  2:03  Probe (Chrono Boost)  
  23  2:06  Cybernetics Core  
  24  2:14  Probe (Chrono Boost)  
  25  2:18  Probe (Chrono Boost)  
  26  2:25  Probe (Chrono Boost)  
  26  2:28  Probe (Chrono Boost)  
  28  2:35  Probe (Chrono Boost)  
  29  2:38  Probe (Chrono Boost)  
  30  2:45  Probe (Chrono Boost), Adept x2 (Chrono Boost)  
  30  2:46  Warp Gate  
  30  2:50  Mothership Core  
  37  3:01  Probe, Twilight Council  
  38  3:11  Probe (Chrono Boost)  
  38  3:12  Stalker x2 (Chrono Boost)  
  43  3:15  Probe (Chrono Boost)  
  44  3:22  Probe (Chrono Boost)  
  44  3:25  Probe (Chrono Boost)  
  46  3:32  Pylon  
  46  3:38  Blink (Chrono Boost)  
  46  3:48  Probe  
  46  3:50  Probe  
  48  3:59  Probe  
  48  4:02  Probe  
  50  4:05  Assimilator  
  50  4:07  Assimilator  
  50  4:10  Probe  
  50  4:14  Probe, Gateway  
  50  4:15  Nexus  
  52  4:20  Probe  
  52  4:23  Pylon  
  51  4:26  Probe  
  51  4:31  Probe  
  50  4:35  Robotics Facility  
  51  4:38  Probe  
  51  4:39  Gateway  
  51  4:41  Probe  
  51  4:43  Forge  
  53  4:49  Stalker x2  
  53  4:51  Probe  
  53  4:52  Probe  
  58  4:54  Pylon  
  58  4:59  Pylon  
  59  5:01  Pylon  
  59  5:03  Probe  
  60  5:07  Probe  
  61  5:15  Probe  
  61  5:16  Protoss Ground Weapons Level 1 (Chrono Boost)  
  61  5:17  Photon Cannon  
  61  5:18  Gateway  
  62  5:23  Stalker  
  62  5:24  Stalker  
  62  5:26  Observer  
  62  5:27  Probe  
  68  5:28  Probe  
  68  5:38  Stalker  
  68  5:39  Probe  
  68  5:40  Probe  
  72  5:45  Gateway  
  72  5:48  Stalker x2  
  76  5:50  Stalker  
  76  5:53  Observer  
  76  5:54  Probe  
  76  5:55  Probe  
  76  5:56  Probe  
  82  6:07  Stalker, Probe x2  
  82  6:08  Probe  
  87  6:15  Observer  
  87  6:17  Probe  
  87  6:18  Probe  
  88  6:21  Robotics Bay  
  88  6:23  Probe  
  91  6:26  Pylon, Assimilator  
  91  6:28  Assimilator  
  91  6:29  Robotics Facility  
  91  6:32  Pylon  
  91  6:34  Stalker  
  91  6:37  Pylon  
  93  6:40  Pylon  
  93  6:42  Probe, Photon Cannon  
  93  6:43  Probe  
  93  6:44  Probe  
  96  6:48  Zealot  
  96  6:52  Stalker x2  
  96  6:53  Stalker, Probe  
  105  7:01  Probe  
  105  7:02  Adept  
  105  7:07  Gravitic Drive (Chrono Boost)  
  105  7:08  Protoss Ground Weapons Level 2 (Chrono Boost)  
  108  7:15  Disruptor (Chrono Boost)  
  111  7:18  Disruptor (Chrono Boost)  
  114  7:29  Stalker x4, Gateway  
  122  7:35  Gateway  
  121  7:38  Pylon  
  121  7:39  Photon Cannon  
  121  7:44  Stalker  
  123  7:49  Pylon  
  123  7:50  Pylon  
  124  7:54  Disruptor (Chrono Boost)  
  124  7:57  Disruptor (Chrono Boost)  
  127  8:01  Stalker x2, Photon Cannon  
  127  8:02  Pylon  
  131  8:13  Nexus  
  128  8:28  Disruptor (Chrono Boost)  
  128  8:30  Disruptor (Chrono Boost)  
  128  8:31  Photon Cannon  
  128  8:33  Photon Cannon  
  131  8:34  Assimilator  
  131  8:38  Assimilator  
  126  8:57  Stalker x4  
  126  8:58  Stalker x3, Disruptor (Chrono Boost)  
  126  9:02  Disruptor (Chrono Boost)  
  141  9:35  Stalker x2  
  141  9:36  Stalker x6  
Tags
 
Add a new tag
Caveats
  • Supply blocks, unpowered buildings, or Contaminate may cause inaccurate times.
  • Supply counts are checked every 10 seconds.